 Dungeon Crawl Stone Soup version 0.30-a0-778-g2ef04afb54 (webtiles) character file.

Game seed: 13447311355706957925

595105 Crabhammer the Planerender (level 27, -3/301 HPs)
             Began as a Barachi Summoner on Feb 13, 2023.
             Was the Champion of Cheibriados.
             Slain by a large abomination (20 damage)
             ... on level 3 of the Abyss on Feb 16, 2023.
             The game lasted 10:54:08 (91918 turns).

Crabhammer the Planerender (Barachi Summoner)      Turns: 91918, Time: 10:54:09

Health: -3/301     AC: 33    Str: 21    XL:     27
Magic:  32/50      EV:  2    Int: 37    God:    Cheibriados [******]
Gold:   5316       SH: 16    Dex: 34    Spells: 7/73 levels left

rFire   + + +      SeeInvis .    a - +9 demon trident (heavy)
rCold   . . .      Faith    .    d - +0 buckler of Jasaymint {rPois rC+ Dex+3}
rNeg    + + +      Spirit   .    (body armour currently unavailable)
rPois   +          Reflect  +    (helmet currently unavailable)
rElec   +          Harm     .    (cloak currently unavailable)
rCorr   .          Rampage  .    (gloves currently unavailable)
Will    +++..      NoTele   +    (boots currently unavailable)
Stlth   +++                      C - amulet "Qebosmeg" {Reflect rElec rF++ SH+5}
HPRegen 0.70/turn                Z - ring "Yceas" {Fire rN+++}
MPRegen 0.32/turn                m - ring of willpower

@: lethally poisoned (-3 -> -4), tree-form, wreathed by umbra, studying 2
skills, very slow
A: stationary, stasis, torment immunity, boosted hp, (amphibious), (slowness 1),
(strong legs 2), +LOS, [deterioration 1], dopey 1[+1], [weak 2], [no potion heal
2]
}: 3/15 runes: serpentine, barnacled, silver
a: Renounce Religion, Bend Time, Temporal Distortion, Slouch, Step From Time


You were on level 3 of the Abyss.
You worshipped Cheibriados.
Cheibriados was exalted by your worship.
You were a tree.
You visited 11 branches of the dungeon, and saw 48 of its levels.
You visited the Abyss 1 time.
You visited 1 bazaar.
You also visited: Ossuary, Bailey, Gauntlet and Ice Cave.

You collected 8339 gold pieces.
You spent 3023 gold pieces at shops.

Inventory:

Hand Weapons
 a - a +9 heavy demon trident (weapon)
 b - the +4 trident of Biuclin {protect, Will+ Str+3 Int-2 SInv}
   (You bought it in a shop in a bazaar)

   Str:       It affects your strength (+3).
   Int:       It affects your intelligence (-2).
   SInv:      It lets you see invisible.
   Will:      It increases your willpower.
 k - the +3 Elemental Staff {rElec rF++ rC++ AC+5}
   (You found it on level 5 of the Vaults)

   It enhances your fire, ice, earth and air magic.
   AC:        It affects your AC (+5).
   rF:        It greatly protects you from fire.
   rC:        It greatly protects you from cold.
   rElec:     It insulates you from electricity.
 I - the +9 staff of Olgreb {rPois∞}
   (You found it on level 9 of the Dungeon)

   It enhances your poison magic.
   It grants immunity to poison.
   It can be activated via the 'a'bility menu to radiate toxic energy, with
   effectiveness depending on Evocations skill.
Armour
 d - the +0 buckler of Jasaymint (worn) {rPois rC+ Dex+3}
   (You took it off a deep elf elementalist on level 3 of the Elven Halls)

   Dex:       It affects your dexterity (+3).
   rC:        It protects you from cold.
   rPois:     It protects you from poison.
 p - a scarf of resistance (melded)
 t - a +1 pair of boots (melded)
 u - a +2 hat of stealth (melded)
 z - a +6 scale mail of willpower (melded)
 Y - a +2 pair of gloves of dexterity (melded)
Jewellery
 m - a ring of willpower (right branch)
 A - a ring of protection from cold
 C - the amulet "Qebosmeg" (around neck) {Reflect rElec rF++ SH+5}
   (You took it off a deep elf high priest on level 3 of the Elven Halls)

   [amulet of reflection]

   It reflects blocked missile attacks.
   rF:        It greatly protects you from fire.
   rElec:     It insulates you from electricity.
   SH:        It affects your SH (+5).
 D - an amulet of magic regeneration
 O - a ring of resist corrosion
 T - a ring of see invisible
 Z - the ring "Yceas" (left branch) {Fire rN+++}
   (You took it off a deep elf death mage on level 3 of the Elven Halls)

   [ring of fire]

   It enhances your fire magic.
   rF:        It protects you from fire.
   rC:        It makes you vulnerable to cold.
   rN:        It renders you almost immune to negative energy.
Wands
 n - a wand of iceblast (46)
 o - a wand of charming (62)
 q - a wand of mindburst (54)
 H - a wand of flame (62)
 K - a wand of digging (2)
 Q - a wand of polymorph (16)
 U - a wand of light (22)
Scrolls
 f - 2 scrolls of enchant armour
 g - 5 scrolls of brand weapon
 j - 7 scrolls of fear
 l - 27 scrolls of teleportation
 r - 9 scrolls of fog
 B - 10 scrolls of poison
 J - 3 scrolls of magic mapping
 V - 5 scrolls of amnesia
 X - 6 scrolls of blinking
Potions
 e - 6 potions of flight
 h - 4 potions of berserk rage
 i - 13 potions of lignification
 s - 6 potions of resistance
 v - 24 potions of curing
 w - 4 potions of cancellation
 x - 2 potions of magic
 F - 3 potions of brilliance
 G - 6 potions of invisibility
 N - 4 potions of mutation
 P - 5 potions of ambrosia
 W - 4 potions of might
Miscellaneous
 y - a phial of floods
 L - a lightning rod (4/4)
 M - a box of beasts
 R - a condenser vane
 S - a phantom mirror


   Skills:
 * Level 13.3 Fighting
 + Level 14.4 Polearms
 + Level 13.1 Armour
 * Level 15.2 Dodging
 - Level 1.7 Stealth
 + Level 17.3 Shields
 + Level 23.5 Spellcasting
 + Level 6.5 Hexes
 O Level 27 Summonings
 * Level 13.4 Necromancy
 + Level 7.0 Translocations
 + Level 7.5 Ice Magic
 + Level 6.7 Air Magic
 + Level 13.6 Invocations
 + Level 4.2 Evocations


You had 7 spell levels left.
You knew the following spells:

 Your Spells              Type           Power      Damage    Failure   Level
a - Ozocubu's Armour      Ice            79%        N/A       1%          3
b - Dragon's Call         Summ           63%        N/A       1%          9
c - Infestation           Necr           48%        N/A       16%         8
d - Summon Guardian Gole  Hex/Summ       100%       N/A       0%          3
e - Summon Lightning Spi  Summ/Air       100%       N/A       0%          4
f - Animate Dead          Necr           97%        N/A       1%          4
g - Summon Mana Viper     Hex/Summ       100%       N/A       1%          5
h - Dispel Undead         Necr           97%        3d30      1%          4
i - Airstrike             Air            38%        2d(6-22)  1%          4
j - Summon Cactus Giant   Summ           63%        N/A       0%          6
k - Summon Forest         Summ/Tloc      53%        N/A       0%          5
l - Summon Ice Beast      Ice/Summ       100%       N/A       0%          4
z - Haunt                 Necr/Summ      57%        N/A       1%          7

Your spell library contained the following spells:

 Spells                   Type           Power      Damage    Failure   Level
 Necrotise                Necr           100%       1d9       0%          1
 Summon Small Mammal      Summ           100%       N/A       0%          1
 Call Imp                 Summ           100%       N/A       0%          2
 Call Canine Familiar     Summ           100%       N/A       0%          3
 Vampiric Draining        Necr           97%        2d12      0%          3
 Apportation              Tloc           100%       N/A       1%          1
 Foxfire                  Conj/Fire      100%       2x1d9     1%          1
 Freeze                   Ice            100%       1d10      1%          1
 Kiss of Death            Conj/Necr      100%       2d13      1%          1
 Sandblast                Erth           86%        2d18      1%          1
 Shock                    Conj/Air       100%       1d9       1%          1
 Slow                     Hex            100%       N/A       1%          1
 Sting                    Tmut/Pois      100%       1d8       1%          1
 Cigotuvi's Dreadful Rot  Necr/Pois/Air  100%       N/A       1%          2
 Ensorcelled Hibernation  Hex/Ice        100%       N/A       1%          2
 Passwall                 Tmut/Erth      35%        N/A       1%          2
 Poisonous Vapours        Pois/Air       100%       N/A       1%          2
 Scorch                   Fire           100%       2d10      1%          2
 Static Discharge         Conj/Air       100%       2-7/arc   1%          2
 Wereblood                Tmut           43%        N/A       1%          2
 Confusing Touch          Hex            75%        N/A       1%          3
 Dazzling Flash           Conj/Hex       100%       N/A       1%          3
 Frozen Ramparts          Ice            100%       1d16      1%          3
 Gell's Gravitas          Tloc           77%        N/A       1%          3
 Hailstorm                Conj/Ice       64%        3d14      1%          3
 Ignite Poison            Fire/Tmut/Pois 60%        N/A       1%          3
 Mephitic Cloud           Conj/Pois/Air  56%        N/A       1%          3
 Portal Projectile        Hex/Tloc       100%       N/A       1%          3
 Stone Arrow              Conj/Erth      86%        3d12      1%          3
 Swiftness                Air            76%        N/A       1%          3
 Teleport Other           Tloc           77%        N/A       1%          3
 Tukima's Dance           Hex            75%        N/A       1%          3
 Vhi's Electric Charge    Tloc/Air       100%       N/A       1%          3
 Anguish                  Hex/Necr       43%        N/A       1%          4
 Cause Fear               Hex            37%        N/A       1%          4
 Ice Form                 Ice/Tmut       64%        N/A       1%          4
 Iskenderun's Mystic Bla  Conj/Tloc      62%        2d13      1%          4
 Leda's Liquefaction      Hex/Erth       30%        N/A       1%          4
 Passage of Golubria      Tloc           77%        N/A       1%          4
 Metabolic Englaciation   Hex/Ice        38%        N/A       1%          5
 Simulacrum               Ice/Necr       44%        N/A       1%          6
 Spellforged Servitor     Conj/Summ      48%        N/A       1%          7
 Freezing Cloud           Conj/Ice/Air   34%        6-21      2%          5
 Lightning Bolt           Conj/Air       31%        1d48      4%          5
 Yara's Violent Unravell  Hex/Tmut       30%        3d13      4%          5
 Dispersal                Tloc           38%        N/A       4%          6
 Flame Wave               Conj/Fire      60%        2d14      6%          4
 Olgreb's Toxic Radiance  Pois           43%        N/A       6%          4
 Sticky Flame             Conj/Fire      60%        2d8       6%          4
 Alistair's Intoxication  Tmut/Pois      28%        N/A       17%         5
 Blade Hands              Tmut           21%        N/A       17%         5
 Irradiate                Conj/Tmut      21%        3d18      17%         5
 Iskenderun's Battlesphe  Conj           43%        2d9       17%         5
 Conjure Ball Lightning   Conj/Air       31%        3x3d10    22%         6
 Ozocubu's Refrigeration  Ice            39%        4d16      22%         7
 Enfeeble                 Hex            37%        N/A       34%         7
 Eringya's Noxious Bog    Tmut/Pois      21%        N/A       67%         6
 Iron Shot                Conj/Erth      21%        9d5       67%         6
 Starburst                Conj/Fire      30%        6d9       67%         6
 Storm Form               Tmut/Air       31%        N/A       77%         7
 Dragon Form              Tmut           21%        N/A       99%         7
 Disjunction              Tloc           38%        N/A       91%         8
 Necromutation            Tmut/Necr      38%        N/A       94%         8
 Death's Door             Necr           48%        N/A       94%         9
 Discord                  Hex            37%        N/A       95%         8
 Ignition                 Fire           30%        3d10      100%        8
 Chain Lightning          Conj/Air       31%        3d41      100%        9
 Fire Storm               Conj/Fire      30%        8d8       100%        9
 Polar Vortex             Ice            39%        N/A       100%        9
 Shatter                  Erth           21%        3d19*     100%        9


Dungeon Overview and Level Annotations

Branches:
Dungeon (15/15)            Temple (1/1) D:7            Lair (5/5) D:11
 Shoals (4/4) Lair:3        Snake (4/4) Lair:2        Slime (0/5) Lair:5
    Orc (2/2) D:11            Elf (3/3) Orc:2        Vaults (5/5) D:14
  Crypt (3/3) Vaults:3       Tomb (2/3) Crypt:3      Depths (4/4) D:15
    Zot (0/5) Depths:4    Ossuary (visited)          Bailey (visited)
  IceCv (visited)         Gauntlet (visited)

Altars:
Ashenzari
Cheibriados
Dithmenos
Elyvilon
Fedhas
Gozag
Hepliaklqana
Kikubaaqudgha
Makhleb
Nemelex Xobeh
Okawaru
Qazlal
Ru
Sif Muna
Trog
Uskayaw
Vehumet
Wu Jian
Xom
Yredelemnul
Zin
The Shining One
Lugonu

Shops:
D:3 ?   D:7 *   D:15 !   Orc:2 ([*:=   Elf:1 (?=[   Elf:3 !   Snake:1 (!?
Vaults:1 =[*   Depths:1 [[*!

Portals:
Hell: Depths:1 Depths:2 Depths:3 Depths:4
Abyss: Lair:5 Depths:3 Depths:4
Pandemonium: Depths:2
Ziggurat: Depths:4

Annotations:
D:7 1 runed translucent door, olddryhag's ghost, novice DsGl


Innate Abilities, Weirdness & Mutations

You are a tree.
Your roots penetrate the ground, keeping you stationary.
You cannot be teleported.
You are immune to unholy pain and torment.
Your maximum health is greatly increased.
Your equipment is partially melded.
((You are amphibious.))
((You cover ground slowly.))
((You can hop long distances.))
You have an extended range of vision and can be seen from far away.
[Your body sometimes deteriorates upon taking damage.]
[You are very dopey. (Int -4)]
[You are very weak. (Str -4)]
[Potions cannot restore your health.]


Message History

You block the profane servitor's attack.
The profane servitor hits you but does no damage.
Your wraith misses the profane servitor.
You completely miss the profane servitor.
The profane servitor is almost destroyed.
You feel sick. The rakshasa barely misses your wraith.
The profane servitor hits you but does no damage.
The profane servitor hits you with a +1 whip of venom.
* * * LOW HITPOINT WARNING * * *
You are more poisoned.
Your wraith hits the profane servitor!
Your cactus giant is engulfed in a cloud of scalding steam.
Your cactus giant completely misses the profane servitor.
Your system rejects the healing.
You feel better.
Your cactus giant disappears in a puff of smoke!
The rakshasa weaves an illusion.
You block the profane servitor's attack.
The profane servitor hits you but does no damage.
Your wraith hits the profane servitor. Something hits your wraith!!
Your wraith is destroyed!
Your wraith disappears in a puff of smoke!
You miss the profane servitor.
The profane servitor is almost destroyed.
The profane servitor hits you but does no damage.
You are poisoned.
The profane servitor hits you but does no damage.
Your wraith closely misses the profane servitor.
A large abomination comes into view.
You completely miss the profane servitor.
The profane servitor is almost destroyed.
You feel sick.
The rakshasa hits you but does no damage.
The profane servitor hits your wraith with a +1 whip of venom!!
The profane servitor barely misses your wraith.
Your wraith completely misses the profane servitor.
You impale the profane servitor!!
You destroy the profane servitor!
Cheibriados appreciates the change of pace.
You feel sick. The large abomination hits you!!
You die...

#.
#3.##
#3.###
#RW♣#
###)X#
A###
.# #.
. ##


You could see a profane servitor, a rakshasa, a large abomination, 2 smoke
demons and a friendly wraith (summoned).

Vanquished Creatures
  A royal mummy (Tomb:2)
  A profane servitor (Abyss:3)
  2 golden dragons
  3 bone dragons (Abyss:3)
  2 tentacled monstrosities
  Jorgrun (D:12)
  A Hell Sentinel (Abyss:3)
  2 quicksilver dragons
  3 storm dragons
  2 shadow dragons
  2 tentacled starspawn (Abyss:3)
  The ghost of Huol the Warrior, an adept FoFi of Okawaru (Elf:3)
  A revenant (Crypt:3)
  2 fire giants
  3 tengu reavers
  Ilsuiw (Shoals:3)
  The ghost of GloriousHammer the Wallflower, an adept VSBr of Uskayaw (Snake:4)
  A vault warden (Vaults:4)
  2 deep elf sorcerers (Elf:3)
  A frost giant (Vaults:5)
  A caustic shrike zombie (Abyss:2)
  2 ghouls (Crypt:2)
  A balrug (Abyss:2)
  2 orc warlords
  5 ironbound preservers
  A spectral caustic shrike (Depths:4)
  A deep elf demonologist (Elf:3)
  7 stone giants
  5 very ugly things
  A deep elf annihilator (Elf:3)
  An ironbound thunderhulk (Vaults:3)
  2 bennus
  3 vampire knights
  A deep elf death mage (Elf:3)
  3 spark wasps (Depths:2)
  3 jiangshi
  3 eidola (Crypt:3)
  3 spectral quicksilver dragons (Crypt:3)
  6 ettins
  3 mummy priests (Tomb:2)
  A deep elf high priest (Vaults:5)
  A merfolk javelineer (Shoals:3)
  2 fire dragons
  2 spectral spriggans (Crypt:3)
  A salamander tyrant (Snake:4)
  A great orb of eyes (Abyss:3)
  A spriggan zombie (Abyss:2)
  2 yaktaur captains (Vaults:5)
  A rakshasa (Depths:2)
  2 hydras
  4 anacondas
  A spriggan air mage (Depths:4)
  A quicksilver dragon skeleton (Vaults:4)
  A merfolk avatar (Shoals:1)
  24 vault guards
  2 ironbound frosthearts
  An ogre mage (Vaults:5)
  4 centaur warriors
  2 two-headed ogres
  A boulder beetle (Lair:2)
  A merfolk aquamancer (Shoals:4)
  3 death scarabs
  A spectral stone giant (Crypt:3)
  An alligator snapping turtle (Shoals:2)
  8 dancing weapons
  A tengu warrior (Depths:4)
  A deep troll shaman (Depths:1)
  A death yak (Shoals:1)
  2 naga warriors
  A naga sharpshooter (Snake:4)
  2 spectral storm dragons (Crypt:3)
  A storm dragon zombie (Crypt:2)
  2 vampire magi
  2 orc high priests (Orc:2)
  3 thrashing horrors
  A shock serpent (Snake:4)
  2 deep elf knights (Elf:1)
  Sonja (D:13)
  A soul eater (Abyss:3)
  7 hell knights
  10 wretched stars (Abyss:3)
  4 sun demons (Abyss:2)
  An iron troll (Depths:1)
  2 shadow wraiths (Crypt:3)
  3 sea snakes
  2 glowing orange brains
  5 skeletal warriors
  A sun moth (Shoals:2)
  An anaconda zombie (Abyss:3)
  6 deep trolls
  2 flayed ghosts (Crypt:3)
  A spectral iron dragon (Crypt:3)
  2 deep elf archers
  9 ironbound convokers
  4 lindwurms
  A naga ritualist (Snake:1)
  A spriggan simulacrum (Crypt:3)
  2 harpies (shapeshifter)
  3 harpies
  10 phantasmal warriors
  6 deep elf pyromancers
  4 deep elf zephyrmancers
  4 orc knights
  5 necromancers
  17 ugly things
  A tengu skeleton (Vaults:4)
  2 wolf spiders
  A faun (Shoals:3)
  A salamander (Snake:3)
  A manticore (shapeshifter) (Vaults:5)
  A stone giant skeleton (Vaults:4)
  A spectral alligator snapping turtle (Crypt:3)
  A water nymph (Shoals:4)
  A guardian serpent (Snake:2)
  A naga mage (Snake:3)
  An apocalypse crab (Abyss:3)
  11 black mambas
  4 vault sentinels
  3 smoke demons (Abyss:3)
  A rust devil (Abyss:3)
  Maggie (D:8)
  6 cane toads
  2 kobold demonologists
  A dire elephant skeleton (Crypt:2)
  A centaur skeleton (Abyss:2)
  2 rime drakes (Lair:3)
  An unseen horror (Depths:1)
  4 komodo dragons
  A hellion (Abyss:3)
  A redback zombie (Crypt:1)
  An efreet (Abyss:3)
  10 freezing wraiths
  A spectral deep troll (Crypt:3)
  2 anaconda simulacra (IceCv)
  6 guardian mummies
  A spectral harpy (Crypt:3)
  A troll (D:12)
  A mana viper zombie (Crypt:1)
  An iron giant simulacrum (Crypt:3)
  A tormentor (Abyss:3)
  3 ancient zymes (Abyss:3)
  A spectral naga (Crypt:3)
  2 wind drakes
  3 nameless horrors
  A hellwing (Abyss:3)
  5 merfolk
  3 hornets (D:9)
  5 blink frogs (Lair:5)
  7 raiju (Abyss:3)
  A dream sheep (Lair:5)
  2 snapping turtles
  A meliai zombie (Crypt:1)
  A fire dragon skeleton (Crypt:1)
  7 flying skulls
  4 shadows
  3 water elementals
  A wyvern (Lair:2)
  11 slime creatures
  A vampire (D:12)
  2 wraiths
  7 yaks
  2 ynoxinuls (Abyss:3)
  An ushabti (Tomb:2)
  Eustachio (D:5)
  A dire elephant simulacrum (IceCv)
  2 fire bats
  A golden eye (Abyss:3)
  5 humans (D:14)
  A basilisk (Lair:5)
  4 chaos spawn
  A redback (shapeshifter) (Abyss:3)
  A vampire mosquito (D:10)
  A minotaur simulacrum (IceCv)
  3 wargs (Orc:2)
  11 small abominations
  13 large abominations
  A fire bat zombie (Crypt:3)
  An acid dragon (D:9)
  2 nagas (Snake:4)
  11 water moccasins
  13 orc warriors
  A sky beast (Abyss:3)
  An alligator simulacrum (IceCv)
  An ogre (Vaults:5)
  19 wolves
  A swamp dragon skeleton (Crypt:2)
  A lemure (D:8)
  2 phantoms
  6 bullfrogs
  2 deep troll simulacra (IceCv)
  A scorpion (D:6)
  A gnoll sergeant (D:13)
  A queen bee zombie (Crypt:1)
  11 killer bees
  A spriggan skeleton (Crypt:3)
  An electric eel (Lair:1)
  3 vampire bats (D:9)
  A raiju skeleton (Crypt:3)
  2 quasits
  2 orc priests
  3 hounds (D:5)
  11 starcursed masses (Abyss:3)
  4 orc wizards
  A naga zombie (Crypt:1)
  An ice beast zombie (Crypt:3)
  12 mummies
  A howler monkey skeleton (Crypt:1)
  3 gnolls
  An adder (D:3)
  5 river rats (D:5)
  A white imp (Abyss:3)
  3 ufetubi
  23 orcs
  An endoplasm (D:3)
  A giant cockroach (D:4)
  5 goblins
  3 hobgoblins
  8 quokkas
  A ball python zombie (Crypt:3)
  4 bats (D:9)
  A gnoll skeleton (Crypt:1)
  A hobgoblin zombie (Ossuary)
  9 kobolds
  A kobold zombie (Ossuary)
  An orc zombie (Ossuary)
  A quokka skeleton (Crypt:1)
  3 rats (D:5)
  A rat zombie (Ossuary)
  2 starspawn tentacles (Abyss:3)
683 creatures vanquished.

Vanquished Creatures (collateral kills)
  A dread lich (Vaults:5)
  2 ancient liches (Vaults:5)
  Mennas (Depths:3)
  Mara (Vaults:4)
  A juggernaut (Depths:4)
  4 royal mummies
  Saint Roka (Snake:3)
  Vashnia (Snake:2)
  4 golden dragons
  Jory (Crypt:3)
  A tentacled monstrosity (Depths:2)
  2 Ice Fiends (IceCv)
  5 liches
  Asterion (Elf:2)
  A deep elf master archer (Elf:3)
  A walking divine tome (Depths:2)
  3 titans (Vaults:5)
  3 deep elf blademasters
  2 ancient champions
  A quicksilver dragon (Vaults:5)
  Polyphemus (Shoals:2)
  11 sphinxes
  2 tentacled starspawn
  2 storm dragons
  The ghost of Busoho the Hoplite, an adept MiFi of Okawaru (Shoals:2)
  The ghost of Yakesh the Executioner, an adept MiFi of Gozag (Elf:3)
  7 shadow dragons
  6 tengu reavers
  3 fire giants
  4 nagarajas (Snake:4)
  A draconian monk (Depths:4)
  2 iron dragons
  Donald (Shoals:4)
  2 revenants
  6 frost giants
  Aizul (Snake:4)
  9 deep elf sorcerers
  2 orc warlords
  10 vault wardens
  2 ghouls (Crypt:2)
  6 spectral caustic shrikes
  A draconian annihilator (Depths:4)
  7 deep elf elementalists (Elf:3)
  13 ironbound preservers
  3 war gargoyles (Vaults:3)
  A cacodemon (Gauntlet)
  A spriggan defender (Depths:2)
  A reaper (Depths:1)
  Nessos (D:14)
  17 stone giants
  6 deep elf demonologists
  8 ironbound thunderhulks
  19 very ugly things
  6 vampire knights
  A lorocyproca (Abyss:3)
  A green draconian (Abyss:3)
  A minotaur (Gauntlet)
  2 dire elephants (Vaults:3)
  A purple draconian (Depths:4)
  11 deep elf annihilators
  2 white draconians (Depths:4)
  A red draconian (Depths:4)
  2 bennus
  A spark wasp (Depths:2)
  6 eidola
  10 deep elf death magi
  Snorg (D:13)
  5 fire dragons (Depths:2)
  6 merfolk impalers
  The ghost of bande the Cleaver, a journeyman GrFi of Okawaru (Lair:4)
  8 ettins
  8 mummy priests
  3 jiangshi
  A blizzard demon (Depths:3)
  3 merfolk javelineers
  9 deep elf high priests
  2 spectral quicksilver dragons (Crypt:3)
  An entropy weaver (Vaults:3)
  A great orb of eyes (shapeshifter) (Vaults:5)
  6 great orbs of eyes
  5 vault guards
  9 yaktaur captains
  An ogre mage (Vaults:2)
  An ice dragon (shapeshifter) (Lair:5)
  A hell beast (Depths:1)
  2 spriggan zombies
  6 ice dragons
  6 salamander tyrants
  A peacekeeper (Vaults:3)
  6 hydras
  2 merfolk avatars
  4 rakshasas
  2 spriggan air magi (Depths:2)
  10 ironbound frosthearts
  8 anacondas
  A juggernaut simulacrum (Depths:2)
  A caustic shrike simulacrum (IceCv)
  A catoblepas (Shoals:2)
  A spriggan skeleton (Tomb:2)
  A merfolk aquamancer (Shoals:4)
  2 alligator snapping turtles (Shoals:4)
  A spectral stone giant (Crypt:3)
  6 centaur warriors
  4 two-headed ogres
  2 death yaks (Shoals:2)
  22 death scarabs
  A deep troll shaman (Depths:1)
  12 naga warriors
  2 boulder beetles
  A hell hog (Depths:1)
  2 satyrs
  5 vampire magi
  22 dancing weapons
  2 orc high priests (Orc:2)
  12 shock serpents
  2 tengu warriors
  7 deep troll earth magi
  3 thrashing horrors
  15 naga sharpshooters
  14 hell knights
  A spriggan berserker (Depths:2)
  16 deep elf knights
  5 sun demons (Shoals:2)
  10 skeletal warriors
  A shadow wraith (Crypt:3)
  A sun moth (Shoals:2)
  5 wretched stars (Abyss:3)
  A deep troll (shapeshifter) (D:15)
  5 salamander mystics
  31 deep trolls
  6 iron trolls
  13 sea snakes
  3 skysharks
  A spectral anaconda (Crypt:3)
  8 flayed ghosts
  3 orange crystal statues
  A spatial maelstrom (Abyss:3)
  8 naga ritualists
  A spriggan simulacrum (IceCv)
  2 glowing orange brains
  5 wizards
  A bog body (IceCv)
  29 deep elf pyromancers
  2 necromancers
  An obsidian statue (IceCv)
  10 ironbound convokers
  28 ugly things
  Pikel (D:8)
  An iron giant skeleton (Tomb:2)
  19 deep elf zephyrmancers
  12 lindwurms
  13 deep elf archers
  5 phantasmal warriors
  10 harpies
  6 orc sorcerers
  9 mana vipers
  A shining eye (shapeshifter) (Elf:3)
  22 salamanders
  7 manticores
  4 cyclopes
  An elephant (Lair:5)
  9 fauns
  2 worldbinders (Abyss:3)
  7 orc knights
  A stone giant skeleton (Depths:2)
  11 merfolk sirens
  30 black mambas
  A rust devil (Abyss:3)
  17 naga magi
  20 vault sentinels
  Joseph (D:10)
  3 guardian serpents
  8 smoke demons
  A torpor snail (Lair:5)
  A torpor snail (shapeshifter) (Vaults:5)
  2 rime drakes
  A minotaur zombie (Crypt:3)
  6 water nymphs
  21 yaktaurs
  15 freezing wraiths
  A kobold demonologist (D:12)
  7 cane toads
  An alligator snapping turtle skeleton (Tomb:1)
  14 guardian mummies
  4 komodo dragons
  A hellion (Gauntlet)
  2 unseen horrors
  A golden dragon simulacrum (IceCv)
  A tengu conjurer (D:14)
  An anaconda simulacrum (IceCv)
  4 ancient zymes
  A pale draconian skeleton (Crypt:2)
  3 ice devils (IceCv)
  A naga skeleton (Tomb:1)
  A minotaur skeleton (Crypt:2)
  A spectral harpy (Crypt:3)
  12 merfolk
  A polar bear (Lair:3)
  9 wind drakes
  6 trolls
  A silent spectre (Abyss:3)
  3 hornets
  A hornet (shapeshifter) (Elf:2)
  Grinder (D:6)
  10 blink frogs
  A dream sheep (shapeshifter) (Elf:2)
  A fire dragon zombie (Crypt:3)
  11 dream sheep
  2 ettin zombies
  2 raiju (Abyss:3)
  A blink frog (shapeshifter) (D:15)
  A centaur simulacrum (Crypt:3)
  4 snapping turtles
  27 flying skulls
  A spriggan (shapeshifter) (Vaults:5)
  20 slime creatures
  9 large abominations
  2 shadows (D:11)
  7 water elementals
  2 ynoxinuls
  3 wyverns
  3 wraiths
  10 ushabtiu
  4 air elementals
  A basilisk (shapeshifter) (D:15)
  11 humans (D:14)
  A nameless horror (Elf:3)
  The ghost of vexzain the Cudgeller, an amateur DrBe of Trog (D:4)
  A satyr skeleton (Crypt:2)
  6 basilisks
  4 fire bats
  4 golden eyes (Abyss:3)
  37 yaks
  2 fire elementals
  2 neqoxecs
  A chaos spawn (Depths:3)
  6 vampire mosquitoes
  4 minotaur simulacra (IceCv)
  8 redbacks (D:9)
  2 wargs
  Menkaure (D:6)
  36 nagas
  A spatial vortex (Abyss:3)
  6 water moccasins
  A cane toad zombie (Crypt:2)
  An acid dragon (D:12)
  2 hell hounds (Gauntlet)
  2 floating eyes
  A black bear (D:6)
  33 orc warriors
  An alligator simulacrum (IceCv)
  A black mamba simulacrum (Crypt:3)
  A sky beast (D:7)
  2 boggarts (Depths:1)
  15 wolves
  6 ogres
  A centaur (D:8)
  2 starcursed masses (Abyss:3)
  A lemure (D:8)
  4 bullfrogs
  A gnoll sergeant (D:8)
  3 earth elementals
  5 kobold brigands
  4 necrophages
  2 deep troll simulacra (IceCv)
  A scorpion (D:6)
  An elf skeleton (Crypt:3)
  9 wights
  A yak zombie (Crypt:2)
  11 killer bees
  2 centaur zombies (Ossuary)
  4 hounds
  2 human zombies (Ossuary)
  25 orc priests
  An iron imp (Abyss:3)
  2 jellies (D:7)
  A boggart zombie (Crypt:3)
  A scorpion zombie (Crypt:2)
  19 orc wizards
  A hell rat (Lair:2)
  15 small abominations
  34 mummies
  4 adders
  8 gnolls
  4 river rats (D:5)
  A shadow imp (D:6)
  3 white imps
  2 ufetubi
  3 worms
  79 orcs
  7 ball pythons
  5 endoplasms
  5 giant cockroaches
  9 goblins
  6 hobgoblins
  3 jackals (D:3)
  3 quokkas
  6 bats
  2 frilled lizards
  2 goblin zombies (Ossuary)
  7 hobgoblin zombies (Ossuary)
  A jackal zombie (Ossuary)
  27 kobolds
  8 kobold zombies
  12 orc zombies
  12 rats
  A rat zombie (Ossuary)
  A starspawn tentacle (Abyss:2)
1741 creatures vanquished.

Vanquished Creatures (others)
  A juggernaut zombie (Depths:4)
  2 orc warlords
  A deep elf demonologist (Elf:3)
  A quicksilver dragon zombie (Vaults:5)
  4 very ugly thing zombies
  A bennu zombie (Tomb:2)
  A dancing weapon (Elf:1)
  A two-headed ogre (D:9)
  A wretched star (Abyss:3)
  A storm dragon zombie (Depths:4)
  An anaconda zombie (Snake:3)
  4 golden dragon zombies
  A glowing orange brain (Vaults:1)
  A sphinx zombie (Vaults:5)
  A deep elf zephyrmancer (D:15)
  6 ugly thing zombies (Depths:2)
  A frost giant zombie (Depths:1)
  4 stone giant zombies
  2 ugly things (D:14)
  A shadow dragon zombie (Vaults:5)
  12 death scarab zombies
  A wolf spider (D:9)
  2 cyclopes (D:12)
  A fire giant zombie (Depths:2)
  2 white draconian zombies (Depths:4)
  A purple draconian zombie (Depths:4)
  2 iron troll zombies (Depths:2)
  4 centaur zombies
  A mana viper zombie (Snake:3)
  A hydra zombie (D:15)
  2 trolls (D:12)
  Prince Ribbit (D:6)
  A great orb of eyes zombie (Vaults:5)
  A guardian serpent zombie (Snake:2)
  2 boulder beetle zombies (Lair:2)
  3 ettin zombies (Depths:2)
  A satyr zombie (Shoals:4)
  A spriggan zombie (Depths:2)
  A slime creature (D:12)
  3 black mamba zombies
  An ice dragon zombie (Depths:1)
  2 yaks (D:9)
  A vampire (D:11)
  A spatial vortex (Abyss:3)
  8 salamander zombies
  A warg (Orc:1)
  A water nymph zombie (Shoals:4)
  10 deep troll zombies
  2 tengu zombies
  3 hornet zombies (D:9)
  4 orc warriors
  26 orc zombies
  6 merfolk zombies
  11 elf zombies
  A manticore zombie (Shoals:3)
  2 hell hound zombies (Gauntlet)
  2 water moccasin zombies (Lair:5)
  A warg zombie (Orc:1)
  10 yak zombies
  A small abomination (Abyss:3)
  29 human zombies
  2 killer bee zombies (D:9)
  15 naga zombies
  An ogre zombie (Orc:2)
  A gnoll (Bailey)
  2 orcs
  A goblin (Bailey)
  A kobold (Bailey)
  5 bushes (D:14)
  79 fungi
  2 lurking horrors (Abyss:3)
  264 plants
  50 snaplasher vines
  8 starspawn tentacles
  8 withered plants
641 creatures vanquished.

Grand Total: 3065 creatures vanquished

Notes
Turn   | Place    | Note
-------+----------+-------------------------------------------
     0 | D:1      | Crabhammer the Barachi Summoner began the quest for the
                  | Orb.
     0 | D:1      | Reached XP level 1. HP: 13/13 MP: 3/3
    59 | D:1      | Reached skill level 5 in Summonings
   404 | D:1      | Reached XP level 2. HP: 11/19 MP: 1/5
   440 | D:1      | Learned a level 2 spell: Call Imp
  1007 | D:2      | Found a radiant altar of Vehumet.
  1519 | D:2      | Reached XP level 3. HP: 24/24 MP: 4/7
  2396 | D:2      | Learned a level 3 spell: Call Canine Familiar
  2571 | D:3      | Found a faded altar of an unknown god.
  2630 | D:3      | Found an iron altar of Okawaru.
  2630 | D:3      | Found a bloodstained altar of Trog.
  2711 | D:3      | Found Jom Qutu's Magic Scroll Shop.
  2762 | D:3      | Reached skill level 6 in Summonings
  2762 | D:3      | Reached XP level 4. HP: 25/31 MP: 4/8
  2876 | D:3      | Found a sacrificial altar of Ru.
  4213 | D:4      | Reached skill level 1 in Fighting
  4213 | D:4      | Reached XP level 5. HP: 37/37 MP: 10/10
  4247 | D:4      | Reached skill level 1 in Polearms
  4288 | D:4      | Noticed a phantom
  4297 | D:4      | Killed a phantom
  4298 | D:4      | Reached XP level 6. HP: 38/43 MP: 4/12
  4489 | D:4      | Found a runed translucent gate.
  4490 | D:4      | Found a runed translucent gate.
  4491 | D:4      | Found a runed translucent gate.
  4492 | D:4      | Noticed vexzain's ghost (amateur DrBe)
  4942 | D:4      | Reached skill level 7 in Summonings
  5193 | D:4      | Killed vexzain's ghost
  5194 | D:4      | Reached skill level 5 in Spellcasting
  5194 | D:4      | Reached XP level 7. HP: 48/48 MP: 6/14
  5204 | D:4      | Learned a level 3 spell: Summon Guardian Golem
  5288 | D:5      | Entered Level 5 of the Dungeon
  5505 | D:5      | Reached skill level 8 in Summonings
  5634 | D:5      | Noticed Eustachio
  5682 | D:5      | Killed Eustachio
  5683 | D:5      | Reached XP level 8. HP: 56/56 MP: 15/17
  6411 | D:5      | Learned a level 4 spell: Summon Lightning Spire
  6468 | D:6      | Reached skill level 5 in Polearms
  6682 | D:6      | Found a sand-covered staircase.
  6692 | Ossuary  | Entered an ossuary
  7073 | Ossuary  | Reached skill level 9 in Summonings
  7082 | Ossuary  | Reached XP level 9. HP: 63/63 MP: 8/19
  7323 | D:6      | Noticed Prince Ribbit
  7329 | D:6      | Noticed Menkaure
  7352 | D:6      | Killed Prince Ribbit
  7362 | D:6      | Killed Menkaure
  7601 | D:6      | Found a shimmering altar of Xom.
  7945 | D:6      | Noticed Grinder
  7971 | D:6      | Killed Grinder
  8218 | D:6      | Reached skill level 10 in Summonings
  8779 | D:7      | Found a runed translucent door.
  8779 | D:7      | Noticed olddryhag's ghost (novice DsGl)
  8787 | D:7      | Learned a level 4 spell: Animate Dead
  9041 | D:7      | Found Rapokhye's General Store.
  9103 | D:7      | Found a staircase to the Ecumenical Temple.
  9113 | Temple   | Entered the Ecumenical Temple
  9119 | Temple   | Became a worshipper of Cheibriados the Contemplative
  9372 | D:8      | Noticed Maggie
  9382 | D:8      | Killed Maggie
  9383 | D:8      | Reached skill level 1 in Necromancy
  9383 | D:8      | Reached XP level 10. HP: 49/70 MP: 13/23
  9601 | D:8      | Identified a scroll of acquirement
  9601 | D:8      | Acquired the amulet of Upsidarph {Reflect Drain rF+ SH+5
                  | Stlth+}
  9616 | D:8      | Reached skill level 11 in Summonings
  9796 | D:8      | Found a flagged portal.
  9833 | Bailey   | Entered a bailey
  9895 | Bailey   | Noticed an orc warlord
  9898 | Bailey   | Reached * piety under Cheibriados
  9978 | Bailey   | Found a runed translucent gate.
  9980 | Bailey   | Found a runed translucent gate.
  9982 | Bailey   | Found a runed translucent gate.
 10338 | Bailey   | Killed an orc warlord
 10338 | Bailey   | Reached ** piety under Cheibriados
 10339 | Bailey   | Reached skill level 1 in Hexes
 10444 | D:8      | Acquired a +4 demon trident of electrocution
 10694 | D:8      | Noticed Pikel
 10711 | D:8      | Killed Pikel
 10712 | D:8      | Reached skill level 10 in Spellcasting
 10805 | D:8      | Reached skill level 12 in Summonings
 11197 | D:9      | Reached *** piety under Cheibriados
 11510 | D:9      | Noticed a two-headed ogre
 11522 | D:9      | Killed a two-headed ogre
 11523 | D:9      | Reached XP level 11. HP: 63/77 MP: 1/25
 11592 | D:9      | Reached skill level 1 in Air Magic
 11946 | D:9      | Found a blossoming altar of Fedhas.
 12002 | D:9      | Noticed a two-headed ogre
 12008 | D:9      | Killed a two-headed ogre
 12227 | D:9      | Reached **** piety under Cheibriados
 12278 | D:9      | Found a runed translucent gate.
 12279 | D:9      | Found a runed translucent door.
 12279 | D:9      | Found a runed translucent gate.
 12284 | D:9      | Found the +9 staff of Olgreb {rPois∞}
 12285 | D:9      | Found a runed translucent door.
 12317 | D:9      | Noticed a wolf spider
 12318 | D:9      | Found a runed translucent gate.
 12318 | D:9      | Noticed a wolf spider
 12475 | D:9      | Killed a wolf spider
 12478 | D:9      | Killed a wolf spider
 12479 | D:9      | Reached skill level 13 in Summonings
 12497 | D:9      | Reached skill level 5 in Necromancy
 12632 | D:9      | Reached ***** piety under Cheibriados
 12779 | D:10     | Entered Level 10 of the Dungeon
 12786 | D:10     | Found a radiant altar of Vehumet.
 12866 | D:10     | Reached XP level 12. HP: 57/84 MP: 14/27
 13290 | D:10     | Noticed Joseph
 13298 | D:10     | Killed Joseph
 13414 | D:10     | Found an opulent altar of Gozag.
 13416 | D:10     | Found an ornate altar of the Wu Jian Council.
 13432 | D:10     | Noticed a two-headed ogre
 13440 | D:10     | Killed a two-headed ogre
 13566 | D:10     | Noticed a two-headed ogre
 13575 | D:10     | Killed a two-headed ogre
 13678 | D:10     | Noticed a two-headed ogre
 13684 | D:10     | Killed a two-headed ogre
 13685 | D:10     | Reached skill level 14 in Summonings
 13879 | D:11     | Found a staircase to the Lair.
 13918 | D:11     | Identified the +1 quarterstaff of Esiz {chaos, rC++ rCorr
                  | Str+3 Dex-5}
 14019 | D:11     | Found a gate leading to a gauntlet.
 14036 | Gauntlet | Entered a Gauntlet
 14036 | Gauntlet | Found a transporter.
 14041 | Gauntlet | Found a transporter.
 14042 | Gauntlet | Found a transporter.
 14043 | Gauntlet | Found a transporter.
 14043 | Gauntlet | Noticed a dire elephant
 14059 | Gauntlet | Found a transporter.
 14072 | Gauntlet | Found a transporter.
 14090 | Gauntlet | Found a transporter.
 14091 | Gauntlet | Noticed a cacodemon
 14097 | Gauntlet | Found a transporter.
 14108 | Gauntlet | Noticed a hell hog
 14117 | Gauntlet | Found a transporter.
 14120 | Gauntlet | Found a transporter.
 14128 | Gauntlet | Found a transporter.
 14158 | Gauntlet | Found a transporter.
 14343 | Gauntlet | Gained mutation: [You are dopey. (Int -2)] [a cacodemon]
 14355 | Gauntlet | Killed a cacodemon
 14356 | Gauntlet | Reached skill level 5 in Fighting
 14363 | Gauntlet | Got the Directory of Dark Feathers
 14444 | Gauntlet | Noticed a minotaur
 14458 | Gauntlet | Killed a minotaur
 14708 | Gauntlet | Got the Discursus on Brumal Transmogrification
 15070 | D:11     | Found a staircase to the Orcish Mines.
 15368 | D:12     | Noticed a two-headed ogre
 15376 | D:12     | Killed a two-headed ogre
 15453 | D:12     | Found a shimmering altar of Xom.
 15467 | D:12     | Reached skill level 1 in Armour
 15605 | D:12     | Gained mutation: You can hop long distances. [Barachi
                  | growth]
 15605 | D:12     | Reached XP level 13. HP: 91/91 MP: 19/30
 15935 | D:12     | Reached skill level 1 in Shields
 16412 | D:12     | Noticed Jorgrun
 16421 | D:12     | Killed Jorgrun
 16986 | D:13     | Learned a level 7 spell: Haunt
 16991 | D:13     | Learned a level 4 spell: Dispel Undead
 16996 | D:13     | Learned a level 4 spell: Airstrike
 17039 | D:13     | Noticed Snorg
 17050 | D:13     | Killed Snorg
 17245 | D:13     | Reached skill level 15 in Summonings
 17469 | D:13     | Reached ****** piety under Cheibriados
 17619 | D:13     | Noticed Sonja
 17626 | D:13     | Killed Sonja
 17864 | D:14     | Noticed a rakshasa
 17882 | D:14     | Killed a rakshasa
 18139 | D:14     | Noticed Nessos
 18144 | D:14     | Killed Nessos
 18163 | D:14     | Your ally Nessos died
 18421 | D:14     | Found a gate to the Vaults.
 18456 | D:14     | Reached skill level 5 in Air Magic
 18479 | D:14     | Reached XP level 14. HP: 99/99 MP: 9/32
 19101 | D:15     | Entered Level 15 of the Dungeon
 19363 | D:15     | Learned a level 6 spell: Summon Cactus Giant
 19409 | D:15     | Reached skill level 1 in Evocations
 19763 | D:15     | Reached skill level 16 in Summonings
 19976 | D:15     | Found Gawa's Distillery.
 20236 | D:15     | Reached skill level 15 in Spellcasting
 20236 | D:15     | Found a staircase to the Depths.
 20463 | D:15     | Upgraded the game from 0.30-a0-772-g5528072125 to
                  | 0.30-a0-777-ga9a30cbeda
 20606 | Orc:1    | Entered Level 1 of the Orcish Mines
 20613 | Orc:1    | Noticed an orc warlord
 20623 | Orc:1    | Killed an orc warlord
 20628 | Orc:1    | Paralysed by an orc sorcerer for 5 turns
 21006 | Orc:2    | Entered Level 2 of the Orcish Mines
 21006 | Orc:2    | Found a staircase to the Elven Halls.
 21147 | Orc:2    | Noticed an orc warlord
 21184 | Orc:2    | HP: 3/96 [orc knight/bolt (6)]
 21186 | Orc:2    | Killed an orc warlord
 21442 | Orc:1    | Learned a level 5 spell: Summon Forest
 21492 | Lair:1   | Entered Level 1 of the Lair of Beasts
 22268 | Lair:2   | Found a staircase to the Snake Pit.
 22306 | Lair:2   | Found a transporter.
 22307 | Lair:2   | Found a transporter.
 23388 | Lair:2   | Reached XP level 15. HP: 84/105 MP: 24/34
 23521 | Lair:3   | You fall into a shaft and drop 2 floors!
 23521 | Lair:5   | Entered Level 5 of the Lair of Beasts
 23522 | Lair:5   | Found a staircase to the Slime Pits.
 23641 | Lair:5   | Reached skill level 17 in Summonings
 24355 | Lair:5   | Reached skill level 1 in Translocations
 26104 | Lair:5   | Found a corrupted altar of Lugonu.
 26104 | Lair:5   | Found a one-way gate to the infinite horrors of the Abyss.
 26105 | Lair:5   | Identified the +8 war axe "Ozeg" {spect, rPois Str+3}
 26714 | Lair:4   | Found a runed translucent door.
 27038 | Lair:4   | Noticed bande's ghost (journeyman GrFi)
 27053 | Lair:4   | Killed bande's ghost
 27705 | Lair:3   | Found a staircase to the Shoals.
 27712 | Lair:3   | Reached skill level 18 in Summonings
 28269 | Lair:3   | Reached XP level 16. HP: 113/113 MP: 25/36
 29387 | Orc:2    | Found Xiomoghysuph's Jewellery Shoppe.
 30481 | Orc:2    | Found Seumih's General Store.
 30482 | Orc:2    | Found Hixyacha's Book Shoppe.
 30484 | Orc:2    | Found Iqalarch's Antique Armour Shoppe.
 30484 | Orc:2    | Found Jiomiw Xito's Antique Weapon Emporium.
 30498 | Orc:2    | Bought a potion of heal wounds for 80 gold pieces
 30508 | Orc:2    | Bought a pair of glowing boots for 195 gold pieces
 30508 | Orc:2    | Bought a pair of embroidered gloves for 195 gold pieces
 30566 | Orc:2    | Bought a crude trident for 306 gold pieces
 30566 | Orc:2    | Identified the +3 trident "Ynokug" {flame, Dex+5} (You
                  | bought it in a shop on level 2 of the Orcish Mines)
 30665 | Elf:1    | Entered Level 1 of the Elven Halls
 31322 | Shoals:1 | Entered Level 1 of the Shoals
 33021 | Shoals:2 | Noticed Polyphemus
 33163 | Shoals:2 | Reached skill level 19 in Summonings
 33552 | Shoals:2 | Found a runed translucent door.
 33552 | Shoals:2 | Noticed Busoho's ghost (adept MiFi)
 33610 | Shoals:2 | Killed Polyphemus
 33611 | Shoals:2 | Reached skill level 10 in Polearms
 33930 | Shoals:2 | You fall into a shaft and drop 1 floor!
 33930 | Shoals:3 | Noticed Ilsuiw
 33942 | Shoals:3 | Reached XP level 17. HP: 54/120 MP: 24/38
 34637 | Shoals:2 | Killed Busoho's ghost
 34946 | Shoals:3 | Killed Ilsuiw
 35451 | Shoals:3 | Reached skill level 10 in Necromancy
 36451 | Shoals:4 | Entered Level 4 of the Shoals
 37218 | Shoals:4 | Reached skill level 1 in Invocations
 37279 | Shoals:4 | Reached skill level 5 in Dodging
 37525 | Shoals:4 | Noticed Donald
 37531 | Shoals:4 | Killed Donald
 37574 | Shoals:4 | Reached skill level 5 in Shields
 38061 | Shoals:4 | Reached skill level 5 in Armour
 38098 | Shoals:4 | Got a barnacled rune of Zot
 39149 | Snake:1  | Entered Level 1 of the Snake Pit
 39196 | Snake:1  | Reached skill level 20 in Summonings
 39444 | Snake:1  | Identified the +7 spear "Ituok" {pain, Str+3}
 39457 | Snake:1  | Found an opulent altar of Gozag.
 39884 | Snake:1  | Learned a level 5 spell: Summon Mana Viper
 39897 | Snake:1  | Reached XP level 18. HP: 120/127 MP: 22/40
 39978 | Snake:1  | Found Beigh's Magic Scroll Boutique.
 39980 | Snake:1  | Found Buovowan's Distillery.
 39982 | Snake:1  | Found Ylibbac's Weapon Boutique.
 39989 | Snake:1  | Bought a potion of heal wounds for 95 gold pieces
 40846 | Snake:2  | Identified the amulet of the Sun {rF+ Regen+}
 42392 | Snake:2  | Noticed Vashnia
 42813 | Snake:2  | Killed Vashnia
 44353 | Snake:3  | Noticed Saint Roka
 44412 | Snake:3  | Killed Saint Roka
 44433 | Snake:3  | Your ally Saint Roka died
 45011 | Snake:4  | Entered Level 4 of the Snake Pit
 45044 | Snake:4  | Found a frozen archway.
 45078 | IceCv    | Entered an ice cave
 45566 | IceCv    | Reached XP level 19. HP: 134/134 MP: 25/42
 45797 | IceCv    | Reached skill level 5 in Invocations
 45950 | IceCv    | Noticed an Ice Fiend
 45950 | IceCv    | Noticed an Ice Fiend
 45997 | IceCv    | Killed an Ice Fiend
 46054 | IceCv    | Killed an Ice Fiend
 46525 | Snake:4  | Noticed Aizul
 46532 | Snake:4  | Killed Aizul
 46875 | Snake:4  | Found a runed translucent gate.
 46875 | Snake:4  | Found a runed translucent gate.
 46875 | Snake:4  | Found a runed translucent gate.
 46875 | Snake:4  | Noticed GloriousHammer's ghost (adept VSBr)
 46989 | Snake:4  | Killed GloriousHammer's ghost
 46990 | Snake:4  | Reached skill level 5 in Translocations
 47051 | Snake:4  | Identified the +3 leather armour of the Beginning {Dex+3
                  | Slay+2}
 47086 | Snake:4  | Learned a level 4 spell: Summon Ice Beast
 48194 | Snake:4  | Reached skill level 21 in Summonings
 48955 | Snake:4  | Got a serpentine rune of Zot
 49775 | Elf:1    | Found Ifugy's Jewellery Shoppe.
 49822 | Elf:1    | Found Nomoloupp's Armour Shoppe.
 50144 | Elf:1    | Found Nazyoguc's Weapon Shoppe.
 50168 | Elf:1    | Found Ytho's Magic Scroll Emporium.
 50201 | Elf:1    | Bought a scroll of acquirement for 936 gold pieces
 50205 | Elf:1    | Acquired 812 gold pieces
 50377 | Elf:1    | Found the dreamshard necklace {*Dream Drain}
 51439 | Elf:2    | Found a shimmering blue altar of Sif Muna.
 51477 | Elf:2    | Noticed Asterion
 51486 | Elf:2    | Killed Asterion
 51655 | Elf:2    | Reached XP level 20. HP: 134/135 MP: 36/43
 51790 | Elf:2    | Paralysed by an air elemental for 1 turns
 52111 | Elf:2    | Found a runed translucent gate.
 52112 | Elf:2    | Found a runed translucent gate.
 52112 | Elf:2    | Found a runed translucent gate.
 52279 | Elf:2    | Paralysed by an air elemental for 1 turns
 53969 | Elf:3    | Entered Level 3 of the Elven Halls
 54016 | Elf:3    | Found a runed translucent gate.
 54016 | Elf:3    | Found a runed translucent gate.
 54016 | Elf:3    | Found a runed translucent gate.
 54841 | Elf:3    | Found Hunamuip's Distillery.
 55877 | Elf:3    | Noticed Yakesh's ghost (adept MiFi)
 55878 | Elf:3    | Noticed Huol's ghost (adept FoFi)
 56077 | Elf:3    | Identified the +0 leather armour of Protective Custody
                  | {rC++ MP+9}
 56412 | Elf:3    | Reached skill level 10 in Dodging
 56599 | Elf:3    | Identified the +1 robe of the Comet {Str+3 Dex+3}
 56681 | Elf:3    | Identified the ring "Seyxagi" {+Blink rPois rF- rN+ Will-}
 56824 | Elf:3    | Identified the +5 chain mail of Miuteotua {Dex+7}
 56824 | Elf:3    | Identified the amulet "Qebosmeg" {Reflect rElec rF++ SH+5}
 57979 | Elf:3    | Noticed a Brimstone Fiend
 57992 | Elf:3    | Identified the +0 buckler of Jasaymint {rPois rC+ Dex+3}
 58258 | Elf:3    | Identified the ring "Yceas" {Fire rN+++}
 58737 | Elf:3    | Identified the ring "Noezaran" {*Slow rPois Str+4 Int+2}
 58912 | Elf:3    | Reached XP level 21. HP: 151/151 MP: 23/45
 59157 | Elf:3    | Reached skill level 5 in Hexes
 59337 | Elf:3    | Reached skill level 10 in Shields
 59743 | Elf:3    | Learned a level 3 spell: Ozocubu's Armour
 59806 | Elf:3    | Got the Meditations on Soot and Gases
 59927 | Elf:3    | Killed Huol's ghost
 59943 | Elf:3    | Killed Yakesh's ghost
 60212 | Orc:2    | Bought a ring of willpower for 400 gold pieces
 60365 | Vaults:1 | Entered Level 1 of the Vaults
 60670 | Vaults:1 | Reached skill level 10 in Fighting
 61172 | Vaults:1 | Reached skill level 1 in Ice Magic
 61655 | Vaults:1 | Found Raha's Jewellery Emporium.
 62068 | Vaults:1 | Identified the +1 plate armour "Raonun" {Contam rElec
                  | Int+6}
 62232 | Vaults:1 | Found Nudu's Assorted Antiques.
 62349 | Vaults:1 | Found Tillob's Armour Boutique.
 63364 | Vaults:2 | Found a flickering gateway to a bazaar.
 63378 | Bazaar   | Entered a bazaar
 63400 | Bazaar   | Found Lenantet's Assorted Antiques.
 63447 | Bazaar   | Found Fuerimiu's Assorted Antiques.
 63468 | Bazaar   | Found Nockoetu's Antique Weapon Shoppe.
 63472 | Bazaar   | Bought a warped trident for 119 gold pieces
 63472 | Bazaar   | Identified the +3 trident of the King {heavy, rPois Int+3}
                  | (You bought it in a shop in a bazaar)
 63479 | Bazaar   | Found Rilijadgh's Antique Weapon Shoppe.
 63488 | Bazaar   | Bought a shimmering trident for 204 gold pieces
 63488 | Bazaar   | Identified the +4 trident of Biuclin {protect, Will+ Str+3
                  | Int-2 SInv} (You bought it in a shop in a bazaar)
 63523 | Bazaar   | Bought a scroll of amnesia for 64 gold pieces
 63523 | Bazaar   | Bought a potion of heal wounds for 80 gold pieces
 63541 | Bazaar   | Bought a scroll of fear for 72 gold pieces
 63541 | Bazaar   | Bought a glowing tower shield for 135 gold pieces
 63541 | Bazaar   | Bought a scroll of amnesia for 72 gold pieces
 64273 | Vaults:2 | Learned a level 9 spell: Dragon's Call
 65266 | Vaults:3 | Reached XP level 22. HP: 161/161 MP: 20/46
 65280 | Vaults:3 | Reached skill level 10 in Invocations
 66054 | Vaults:3 | Identified the +1 leather armour of the Wumpus {rN+}
 66151 | Vaults:3 | Identified the +4 scale mail of Cowardice {rElec rPois rF+
                  | Dex+2}
 66850 | Vaults:3 | Found a staircase to the Crypt.
 66850 | Vaults:3 | Found a basalt altar of Yredelemnul.
 66851 | Vaults:3 | Found an ancient bone altar of Kikubaaqudgha.
 69419 | Vaults:4 | Noticed Mara
 69432 | Vaults:4 | Killed Mara
 69903 | Depths:1 | Entered Level 1 of the Depths
 70040 | Depths:1 | Found a gateway to Hell.
 70645 | Depths:1 | Reached skill level 22 in Summonings
 70903 | Depths:1 | Found Zolasmug's Armour Emporium.
 70903 | Depths:1 | Found Qunousah's Armour Emporium.
 70904 | Depths:1 | Found Emiuvyrch's Distillery.
 70906 | Depths:1 | Found Epsogous's General Store.
 70918 | Depths:1 | Bought a potion of heal wounds for 70 gold pieces
 70921 | Depths:1 | Identified the +1 war axe "Pendulum" {drain, rF- Will+++
                  | Int+3 Dex-2}
 71188 | Depths:1 | Reached XP level 23. HP: 167/167 MP: 37/47
 71829 | Depths:2 | Upgraded the game from 0.30-a0-777-ga9a30cbeda to
                  | 0.30-a0-778-g2ef04afb54
 72006 | Depths:2 | Paralysed by a floating eye for 3 turns
 72217 | Depths:2 | Found a runed translucent door.
 72224 | Depths:2 | Found a runed translucent door.
 72559 | Depths:2 | Found a one-way gate leading to the halls of Pandemonium.
 72931 | Depths:2 | Found a hide-covered altar of Uskayaw.
 75047 | Depths:3 | Noticed a golden dragon
 75060 | Depths:3 | Killed a golden dragon
 75415 | Depths:3 | Noticed Mennas
 75432 | Depths:3 | Killed Mennas
 75483 | Depths:3 | Reached skill level 10 in Armour
 75772 | Depths:3 | Reached skill level 5 in Ice Magic
 75897 | Depths:3 | Reached XP level 24. HP: 175/175 MP: 47/48
 76231 | Depths:3 | Identified the +4 quarterstaff of the Many Gods {chaos,
                  | Fragile rElec rPois Int+3}
 76632 | Depths:4 | Entered Level 4 of the Depths
 76632 | Depths:4 | Found a one-way gateway to a ziggurat.
 76925 | Depths:4 | Noticed a juggernaut
 76944 | Depths:4 | Killed a juggernaut
 77443 | Depths:4 | Reached XP level 25. HP: 182/182 MP: 31/48
 78426 | Depths:4 | Reached skill level 23 in Summonings
 78567 | Depths:4 | Reached skill level 15 in Shields
 78716 | Depths:4 | Found a gate to the Realm of Zot.
 79220 | Vaults:5 | Entered Level 5 of the Vaults
 79487 | Vaults:5 | Noticed an ancient lich
 79491 | Vaults:5 | Noticed a dread lich
 79491 | Vaults:5 | Noticed an ancient lich
 79496 | Vaults:5 | HP: 9/182 [hellwing[a deep elf demonologist] (6)]
 79571 | Vaults:5 | Killed a dread lich
 79599 | Vaults:5 | Killed an ancient lich
 79785 | Vaults:5 | Identified the +2 short sword of Hyabreuff {heavy, Drain
                  | rCorr Str+2}
 80581 | Vaults:5 | Killed an ancient lich
 80582 | Vaults:5 | Reached XP level 26. HP: 190/190 MP: 29/48
 80808 | Vaults:5 | Identified the ring of Xom's Recklessness {rPois rF+ Dex+3}
 80824 | Vaults:5 | Identified the +3 lajatang "Neuch" {elec, rPois Str+6
                  | Int-2}
 81028 | Vaults:5 | Got the Writings on the Pyromaniac and the Glacier
 81124 | Vaults:5 | Identified the ring of Pups {Wiz rN+}
 81350 | Vaults:5 | Identified the +7 short sword of Noattemn {heavy, Fly rPois
                  | rF- Str+4}
 81663 | Vaults:5 | Got a silver rune of Zot
 81696 | Vaults:5 | Found the +3 Elemental Staff {rElec rF++ rC++ AC+5}
 81705 | Vaults:5 | Got Sif Muna's Precepts of Gusts
 81710 | Vaults:5 | Identified the +6 quarterstaff of Butchery {freeze, Str+3
                  | SInv}
 81978 | Crypt:1  | Entered Level 1 of the Crypt
 82284 | Crypt:1  | Identified the +6 sling "Reot Amu" {freeze, Str+2}
 83188 | Crypt:1  | You fall into a shaft and drop 1 floor!
 83307 | Crypt:2  | Reached skill level 24 in Summonings
 83543 | Crypt:2  | Got the Papyrus of Weird Assembling
 83936 | Crypt:3  | Entered Level 3 of the Crypt
 83936 | Crypt:3  | Noticed Jory
 83946 | Crypt:3  | Killed Jory
 84674 | Crypt:3  | Found a staircase to the Tomb.
 85407 | Crypt:3  | Reached skill level 25 in Summonings
 86179 | Crypt:3  | Got the Octavo of Bodies
 86363 | Crypt:3  | Identified the +1 scale mail of Joy {rPois rC+ Dex-4
                  | Slay+4}
 86550 | Tomb:1   | Entered Level 1 of the Tomb of the Ancients
 86911 | Tomb:1   | Reached skill level 26 in Summonings
 87415 | Tomb:1   | Noticed a royal mummy
 87428 | Tomb:1   | Killed a royal mummy
 88139 | Tomb:1   | Reached XP level 27. HP: 136/197 MP: 41/49
 88427 | Tomb:2   | Noticed a royal mummy
 88427 | Tomb:2   | Noticed a royal mummy
 88428 | Tomb:2   | Noticed a royal mummy
 88430 | Tomb:2   | Noticed a royal mummy
 88449 | Tomb:2   | HP: 7/197 [mummy priest/divine providence (10)]
 88457 | Tomb:2   | Killed a royal mummy
 88506 | Tomb:2   | Killed a royal mummy
 88586 | Tomb:2   | Killed a royal mummy
 88587 | Tomb:2   | Reached skill level 27 in Summonings
 88919 | Tomb:2   | Killed a royal mummy
 89371 | Tomb:1   | Noticed a royal mummy
 89371 | Tomb:1   | Noticed a royal mummy
 89371 | Tomb:1   | Noticed a royal mummy
 89371 | Tomb:1   | Noticed a royal mummy
 89372 | Tomb:1   | Noticed a royal mummy
 89374 | Tomb:1   | Noticed a royal mummy
 90218 | Depths:3 | Learned a level 8 spell: Infestation
 90219 | Depths:3 | Voluntarily entered the Abyss.
 91136 | Abyss:3  | Reached skill level 15 in Dodging
 91918 | Abyss:3  | Slain by a large abomination

Illustrated notes

Levels and vault maps discovered:
D:1:      dpeg_arrival_line_fractal, layout_loops_ring, dk_noncrumbling_4,
          minmay_hedge_maze, minmay_misc_feat_four_crosses,
          minmay_misc_feat_ornament
D:2:      wad_crossroads, layout_loops_corners, basic_altar
D:3:      layout_loops_corners, grunt_temple_overflow_bloody_war,
          mainiacjoe_overflow_catwalk, cheibrodos_sewer_entry_bend,
          shapermc_ecumenical_altar_starsandcircs, serial_shops, shop_statue,
          kennysheep_nondescript
D:4:      layout_basic, biasface_ghost_orc_armoury
D:5:      lemuel_ratsnest, layout_rooms, serial_corexii_hall,
          corexii_hall_statues_s, corexii_hall_statues_t,
          corexii_hall_statues_i, uniq_eustachio
D:6:      layout_loops_ring, nicolae_overflow_crystal_walls,
          gup_ossuary_entry_pyramid, nicolae_sextant, nrook_mini_vaults,
          uniq_grinder, uniq_prince_ribbit1, uniq_menkaure
D:7:      layout_cave_pools, temple_hall, serial_shops, shop_fountains,
          hellmonk_ghost_happy_afterlife
D:8:      layout_basic, enter_bailey_3, kennysheep_nub, uniq_pikel, uniq_maggie
D:9:      layout_rooms, fedhas_altar_3, roderic_batcave,
          minmay_guarded_unrand_staff_of_olgreb
D:10:     layout_gridville, nicolae_vehumet_radiance,
          grunt_temple_overflow_open, uniq_joseph
D:11:     layout_rooms, lair_entry_dummy, david_orc_4, gauntlet_entry_generic,
          mrwooster_statue_mirror
D:12:     layout_grid_maze, xom_confusion_cloud, uniq_jorgrun
D:13:     layout_stronghold, uniq_snorg, uniq_sonja
D:14:     layout_small_grid, david_vaults_3, kennysheep_boxes
D:15:     gammafunk_enter_depths_forms, layout_gridville, serial_shops, shop,
          minmay_crystal_room
Temple:   compressed_dpeg_circular_temple
Lair:1:   layout_regular_city, serial_bayou, serial_bayou_crossing,
          serial_bayou_pond_c, serial_bayou_shore_b, serial_bayou_pond_a
Lair:2:   gammafunk_boulding_lane, layout_loops_ring,
          guppyfry_snake_entry_island, grunt_forest_large_clearings
Lair:3:   layout_small_grid, minmay_shoals_entry_beasts, lemuel_fruit_tree
Lair:4:   layout_hall_layers, gammafunk_ghost_grave, serial_rivers,
          chequers_serial_rivers_micro_b, chequers_serial_rivers_room_b,
          chequers_serial_rivers_room_b, chequers_serial_rivers_small_b,
          chequers_serial_rivers_micro_c, chequers_serial_rivers_room_b
Lair:5:   hellmonk_lair_end_abyssal_woods, layout_regular_city, slime_entry_1,
          minmay_shattered_shrine
Shoals:1: layout_shoals
Shoals:2: layout_shoals, gammafunk_ghost_grave, nicolae_shoals_bring_sunscreen,
          uniq_polyphemus
Shoals:3: layout_shoals, uniq_ilsuiw
Shoals:4: shoals_end_grunt_ice, layout_shoals, nicolae_shoals_isolated_beach,
          uniq_donald
Snake:1:  layout_misc_corridors, basic_altar, minmay_shop_star,
          nicolae_triple_integral
Snake:2:  layout_chambers, grunt_ministairs_2, uniq_vashnia
Snake:3:  layout_gridlike, grunt_megastairs_2, uniq_saint_roka
Snake:4:  snake_pit, layout_cave_town, ebering_ghost_rock_garden,
          portal_ice_cave_entry_dragon, grunt_megastairs_5, uniq_aizul
Orc:1:    layout_caves, basic_altar
Orc:2:    st_orc_congregation, layout_diamond_mine, serial_shops,
          nicolae_square_shop, basic_altar
Elf:1:    eino_elf_arrival_the_gate, layout_loops_corners, serial_shops, shop,
          nicolae_shop_behind_doors, nicolae_shop_hallway_stairs,
          nicolae_shop_bloodbath_and_beyond, evilmike_minifort
Elf:2:    nicolae_elf_blades_crystal_corner, layout_loops_corners, basic_altar,
          uniq_asterion
Elf:3:    nooodl_elf_gasket, layout_onion_city, serial_shops,
          nicolae_shop_crystal, gammafunk_ghost_cemetery, minivault_4
Vaults:1: nicolae_vaults_hallways_thing, nicolae_vaults_yaktaur_gun_rack,
          v_misc_15, v_misc_31, vaults_standard_mumra_x,
          vaults_standard_mumra_enter_the_diamond, v_misc_33,
          nicolae_vaults_little_squares_3, grunt_vaults_hallway_short,
          layout_vaults_chaotic_city, serial_shops, shop,
          nicolae_shop_statue_plus, nicolae_shop_hallway_plus
Vaults:2: st_cells, nicolae_vaults_little_squares_3, serial_ice_g,
          ontoclasm_vaults_spin, hangedman_vaults_river_flow, v_misc_1,
          dpeg_vaults_monster_box, v_misc_30, nicolae_vaults_shelves_hall,
          v_misc_25, layout_vaults_omnibox, serial_shops, bzr_entry_road
Vaults:3: minmay_crypt_entry_necro_gods, v_misc_13, vaults_dpeg_encased_lava,
          nicolae_vaults_network_square, nicolae_vaults_asterisk,
          vaults_dpeg_cross, nicolae_vaults_little_squares_5,
          ontoclasm_vaults_loading_screen, v_misc_16,
          nicolae_vaults_halls_meeting, nicolae_vaults_little_squares_1,
          nicolae_vaults_little_squares_1, nicolae_vaults_specimen_jars,
          nicolae_vaults_shelves_hall, hangedman_vaults_hat,
          vaults_mumra_minichess, layout_vaults_omnicross
Vaults:4: dpeg_vaults_monster_row, ontoclasm_vaults_hangar, v_misc_16,
          nicolae_vaults_sealed_display, v_misc_27, v_misc_11,
          layout_vaults_omnigrid, uniq_mara
Vaults:5
Crypt:1:  layout_catacombs, lemuel_nasty_fountain, grunt_crypt_arrival_webbed
Crypt:2:  layout_rooms, serial_sigils_hangedman_snap,
          amcnicky_mini_corridor_feature
Crypt:3:  due_elkab, layout_chaotic_city, nicolae_tomb_entry_grand_gallery,
          uniq_jory
Tomb:1
Tomb:2
Depths:1: layout_twisted_cross, grunt_mini_vestibule, serial_bayou_ford_a,
          kennysheep_flooded_box, horrible_house_mu, minmay_shoptagon
Depths:2: thingy_vault_2, layout_gridlike, grunt_pan_entry_spiral,
          grunt_decor_fettered, hell_entry,
          nicolae_uskayaw_murder_on_the_dancefloor, minmay_staircase_statues,
          grunt_megastairs_3
Depths:3: nicolae_cairo_tiling_very_big, layout_basic, minmay_room_of_horrors,
          kennysheep_donut, hangedman_coc_ice_floe,
          hangedman_abyss_or_decor_slice, st_stairs_14, serial_bayou_shore_b,
          uniq_mennas
Depths:4: evilmike_zot_entry_hall, layout_gridlike, enter_ziggurat_a,
          minmay_misc_feat_x, pf_hell_entry_tar_river, abyss_entry,
          corexii_mini_fake_secret_closet, serial_bayou_shore_b
Abyss:3:  base: Elf:2, hangedman_decor_lopped, hangedman_abyss_stitches_cave

Skill      XL: |  1  2  3  4  5  6  7  8  9 10 11 12 13 14 15 16 17 18 19 20 21 22 23 24 25 26 27 |
---------------+----------------------------------------------------------------------------------+-----
Summonings     | 5 6 7 8 9 10 12 13 14 15 16 18 19 20 21 22 23 26 27 | 27.0
Spellcasting   | 3 4 5 6 9 10 11 13 14 15 16 17 18 19 20 21 22 23 | 23.5
Fighting       | 1 3 4 5 6 7 8 9 10 11 12 13 | 13.3
Polearms       | 1 2 5 6 7 8 9 10 11 12 13 14 | 14.4
Necromancy     | 1 3 5 6 7 9 10 11 12 13 | 13.4
Hexes          | 1 2 3 4 6 |  6.5
Air Magic      | 2 3 5 6 |  6.7
Armour         | 1 3 4 5 7 8 10 12 13 | 13.1
Shields        | 2 3 4 5 7 8 9 11 12 14 16 17 | 17.3
Dodging        | 3 4 6 7 9 10 11 12 13 14 15 | 15.2
Evocations     | 4 |  4.2
Translocations | 2 4 5 6 7 |  7.0
Invocations    | 2 4 6 7 9 13 | 13.6
Ice Magic      | 4 5 6 7 |  7.5
Stealth        | |  1.7

Action                     |  1- 3 |  4- 6 |  7- 9 | 10-12 | 13-15 | 16-18 | 19-21 | 22-24 | 25-27 || total
---------------------------+-------+-------+-------+-------+-------+-------+-------+-------+-------++-------
  Melee: Unarmed           |    74 |    20 |       |       |       |       |       |       |       ||    94
         Trident           |       |    73 |     1 |       |       |       |       |    32 |    20 ||   126
         Glaive            |       |       |   126 |    26 |       |       |       |       |       ||   152
         Demon trident     |       |       |       |   127 |   400 |   345 |   302 |   416 |   952 ||  2542
         Punch             |       |       |       |     2 |       |       |       |       |       ||     2
   Cast: Summon Small Mamm |    46 |    29 |    32 |    25 |     2 |       |       |       |       ||   134
         Call Imp          |    26 |    21 |    32 |    41 |    33 |     1 |     1 |       |       ||   155
         Call Canine Famil |       |    15 |    29 |    50 |    52 |    14 |     3 |       |       ||   163
         Summon Guardian G |       |       |    20 |    37 |     8 |       |       |     1 |     1 ||    67
         Summon Lightning  |       |       |       |    45 |    59 |    11 |     7 |    22 |    10 ||   154
         Animate Dead      |       |       |       |    12 |    20 |     8 |     6 |    14 |     8 ||    68
         Airstrike         |       |       |       |       |    12 |       |     4 |       |     2 ||    18
         Summon Cactus Gia |       |       |       |       |    86 |   168 |   181 |   100 |   134 ||   669
         Summon Forest     |       |       |       |       |    41 |   112 |    86 |    24 |    23 ||   286
         Haunt             |       |       |       |       |       |   130 |   233 |   143 |   118 ||   624
         Summon Mana Viper |       |       |       |       |       |     1 |    34 |     5 |     8 ||    48
         Summon Ice Beast  |       |       |       |       |       |       |    28 |     4 |     4 ||    36
         Ozocubu's Armour  |       |       |       |       |       |       |    21 |    54 |    76 ||   151
         Dragon's Call     |       |       |       |       |       |       |       |       |     5 ||     5
         Dispel Undead     |       |       |       |       |       |       |       |       |     3 ||     3
 Invoke: Bend Time         |       |       |       |       |       |       |     1 |       |       ||     1
         Step From Time    |       |       |       |       |       |       |       |       |     1 ||     1
Ability: Hop               |       |     2 |     3 |     8 |    17 |    18 |    25 |     5 |     9 ||    87
         Evoke the Staff o |       |       |       |     2 |       |       |       |       |       ||     2
  Evoke: Wand              |       |       |       |       |     2 |       |       |     1 |       ||     3
         Box of beasts     |       |       |       |       |       |     1 |       |     4 |     1 ||     6
         Phantom mirror    |       |       |       |       |       |       |     2 |     1 |     2 ||     5
         Lightning rod     |       |       |       |       |       |       |       |     4 |       ||     4
         Phial of floods   |       |       |       |       |       |       |       |     1 |       ||     1
         Condenser vane    |       |       |       |       |       |       |       |     1 |     3 ||     4
    Use: Scroll            |     3 |       |    11 |    11 |     8 |     3 |     7 |     2 |     9 ||    54
         Potion            |       |       |       |     3 |     3 |     2 |     3 |     2 |    30 ||    43
   Stab: Sleeping          |     1 |     1 |       |     5 |     3 |       |     2 |       |     1 ||    13
         Distracted        |       |     1 |       |     3 |    11 |    17 |    13 |    29 |    46 ||   120
         Petrified         |       |       |       |       |       |     4 |       |       |       ||     4
         Petrifying        |       |       |       |       |       |     3 |       |       |       ||     3
 Armour: Robe              |    16 |    13 |       |       |       |       |    18 |    11 |       ||    58
         Ring mail         |       |       |     2 |       |       |       |       |       |       ||     2
         Leather armour    |       |       |    50 |    28 |    52 |    34 |     3 |       |       ||   167
         Scale mail        |       |       |       |       |       |       |       |    37 |   148 ||   185
         Skin              |       |       |       |       |       |       |       |       |    18 ||    18
  Dodge: Dodged            |    64 |    58 |    79 |    89 |   189 |   188 |   173 |   206 |   539 ||  1585
  Block: Other             |       |       |       |    20 |       |       |       |       |       ||    20
         Kite shield       |       |       |       |    20 |    40 |    27 |   103 |       |       ||   190
         Reflection        |       |       |       |     6 |    12 |    37 |    12 |       |    15 ||    82
         Buckler           |       |       |       |       |   156 |   165 |    39 |   129 |   490 ||   979

Table legend: (Time is in decaauts)
 A = Elapsed time spent in this place.
 B = Non-inter-level travel time spent in this place.
 C = Inter-level travel time spent in this place.
 D = Time resting spent in this place.
 E = Time spent auto-exploring this place.
 F = Levels seen in this place.
 G = Mean time per level.
                   A        B        C        D        E       F      G
               +--------+--------+--------+--------+--------+-----+--------+
         Total | 138179 | 126247 |  11932 |  35967 |  48895 |  56 | 2467.5 |
       Dungeon |  26962 |  24313 |   2649 |   4395 |  13114 |  15 | 1797.5 |
        Temple |    142 |     95 |     47 |      0 |     77 |   1 |  142.0 |
          Lair |  12323 |  11056 |   1267 |   1566 |   6842 |   5 | 2464.6 |
        Shoals |  11526 |  10663 |    863 |   3682 |   5140 |   4 | 2881.5 |
     Snake Pit |  13489 |  12562 |    927 |   3961 |   3498 |   4 | 3372.2 |
  Orcish Mines |   4856 |   4260 |    596 |   1110 |   1641 |   2 | 2428.0 |
   Elven Halls |  15931 |  15059 |    872 |   6593 |   2937 |   3 | 5310.3 |
        Vaults |  19473 |  16942 |   2531 |   4809 |   5063 |   5 | 3894.6 |
         Crypt |   8003 |   7357 |    646 |   1435 |   3837 |   3 | 2667.7 |
          Tomb |   4678 |   4092 |    586 |   1792 |    329 |   2 | 2339.0 |
        Depths |  13846 |  12902 |    944 |   4006 |   5477 |   4 | 3461.5 |
         Abyss |   2128 |   2128 |      0 |    888 |    388 |   3 |  709.3 |
        Bazaar |    424 |    424 |      0 |      0 |    204 |   1 |  424.0 |
       Ossuary |    607 |    607 |      0 |    261 |      0 |   1 |  607.0 |
        Bailey |    821 |    821 |      0 |    172 |    101 |   1 |  821.0 |
      Ice Cave |   1778 |   1778 |      0 |    959 |      0 |   1 | 1778.0 |
      Gauntlet |   1186 |   1186 |      0 |    335 |    241 |   1 | 1186.0 |
               +--------+--------+--------+--------+--------+-----+--------+

Top non-repeatable levels by time:
   Elf:3: 7505 daAuts
   Elf:2: 4649 daAuts
Depths:2: 4630 daAuts
Vaults:1: 4560 daAuts
  Lair:5: 4227 daAuts
Vaults:4: 4168 daAuts
 Snake:2: 3948 daAuts
 Snake:4: 3923 daAuts
 Crypt:3: 3906 daAuts
   Elf:1: 3775 daAuts
Vaults:3: 3744 daAuts
Vaults:2: 3599 daAuts
Shoals:4: 3495 daAuts
  Tomb:1: 3406 daAuts
Vaults:5: 3401 daAuts
